 Dungeon Crawl Stone Soup version 0.31.0-9-g3a7656b989 (webtiles) character file.

Game seed: 5783757467658755498

32 qw the Shooter (level 3, 0/18 HPs)
             Began as a Spriggan Hunter on Feb 2, 2024.
             Succumbed to an adder's poison
             ... on level 2 of the Dungeon.
             The game lasted 00:00:02 (1028 turns).

qw the Shooter (Spriggan Hunter)                    Turns: 1028, Time: 00:00:02

Health: 0/18       AC:  2    Str:  7    XL:     3   Next: 10%
Magic:  4/4        EV: 19    Int: 10    God:
Gold:   57         SH:  0    Dex: 20    Spells: 2/2 levels left

rFire   . . .        a - +0 shortbow
rCold   . . .        (shield currently unavailable)
rNeg    . . .        c - +0 robe
rPois   .            (helmet restricted)
rElec   .            (no cloak)
rCorr   .            (gloves unavailable)
SInv    +            (boots unavailable)
Will    .....        (no amulet)
Stlth   ++           (no ring)
HPRegen 0.23/turn    (no ring)
MPRegen 0.09/turn

%: no passive effects
@: lethally poisoned (0 -> -3), very quick
A: very small, no large weapons, unfitting armour, see invisible, speed 3
a: no special abilities


You were on level 2 of the Dungeon.
You visited 1 branch of the dungeon, and saw 2 of its levels.

You collected 57 gold pieces.


Innate Abilities, Weirdness & Mutations

You are very small and have problems with some larger weapons.
You are too small for most types of armour.
You have supernaturally acute eyesight. (SInv)
You cover ground extremely quickly. (Speed+++)


   Skills:
 - Level 1.5 Fighting
 + Level 4.5 Ranged Weapons
 - Level 4.0 Dodging
 - Level 1.5 Stealth


You had 2 spell levels left.
You didn't know any spells.
Your spell library was empty.

Inventory:

Hand Weapons
 a - a +0 shortbow (weapon)
Armour
 c - a +0 robe (worn)
Scrolls
 b - a scroll of fog {unknown}
Potions
 d - a potion of enlightenment {unknown}

Dungeon Overview and Level Annotations

Branches:
Dungeon (2/15)

Altars:


Message History

The jackal closely misses you.
You shoot an arrow. The arrow barely misses the jackal.
The jackal barely misses you. The jackal misses you.
You shoot an arrow. The arrow hits the jackal!
You kill the jackal!
You see here a jackal corpse.
Things that are here:
a jackal corpse; a jackal corpse You see here a jackal corpse.
Found a stone staircase leading down.
d - a ruby potion A goblin comes into view.
It is wielding a +0 dagger.
Found 19 gold pieces.
You shoot an arrow. The arrow hits the goblin.
The goblin shouts!
The goblin is heavily wounded.
You shoot an arrow. The arrow hits the goblin.
You kill the goblin!
A quokka comes into view.
You shoot an arrow. The arrow misses the quokka.
An adder comes into view.
You shoot an arrow.
The arrow hits the quokka but does no damage.
You shoot an arrow.
The arrow hits the quokka but does no damage.
The quokka bites you.
You shoot an arrow. The arrow hits the quokka.
The quokka is lightly wounded.
The quokka barely misses you.
A frilled lizard comes into view.
You shoot an arrow. The arrow closely misses the quokka.
The arrow misses the adder.
The frilled lizard hisses angrily.
The quokka bites you. x2
You shoot an arrow. The arrow closely misses the quokka.
The quokka bites you. The adder bites you.
You are lethally poisoned!
The adder poisons you!
You shoot an arrow. The arrow closely misses the quokka.
You die...

#........# #.
#%.......#.#.
#....#.#.#.#. ####
##...#.#.#.#. #..$
#...#.#.#.#. +...
#...#.#.#.#. .###...
#...#.#.#.#. ......S##
#...#.#.#.#.
..)...r@#####...#.#.....
..l...#.....#...#.#.#.#.
..... #####.#...#....%#.
.... #..######.###. ...
##..# #.###. .. ##.###
#.#... . #...###.#...
###..##.#... ##..#.....


You could see an adder, a quokka and a frilled lizard.

Vanquished Creatures
  An adder (D:2)
  A dart slug (D:1)
  2 ball pythons
  2 bats (D:1)
  2 endoplasms (D:2)
  3 goblins
  4 jackals (D:2)
  2 frilled lizards
  4 rats
21 creatures vanquished.

Notes
Turn   | Place    | Note
-------+----------+-------------------------------------------
     0 | D:1      | qw the Spriggan Hunter began the quest for the Orb.
     0 | D:1      | Reached XP level 1. HP: 10/10 MP: 2/2
     0 | D:1      | 0 ||| qw: Version: 0.3-a-155-g5e7d8dd
     0 | D:1      | 0 ||| qw: Game counter: 2172
     0 | D:1      | 0 ||| qw: Melee chars always use a shield: true
     0 | D:1      | 0 ||| qw: God list: Okawaru
     0 | D:1      | 0 ||| qw: Allow faded altars: false
     0 | D:1      | 0 ||| qw: Do Orc after clearing Dungeon:15 true
     0 | D:1      | 0 ||| qw: Do second Lair branch before Depths: true
     0 | D:1      | 0 ||| qw: Lair rune preference: random
     0 | D:1      | 0 ||| qw: Goals: Normal
     0 | D:1      | 0 ||| PLANNING D:1-11
    62 | D:1      | Reached skill level 3 in Dodging
   474 | D:1      | Reached XP level 2. HP: 14/14 MP: 3/3
   655 | D:1      | 655 ||| READING scroll labelled LAZXEU XUEM.
   656 | D:1      | 656 ||| READING scroll labelled URIW OTATAY.
   656 | D:1      | 656 ||| IDENTIFYING fuming emerald potion
   657 | D:1      | 657 ||| READING scroll labelled SECLETHR TITEMP.
   758 | D:1      | 758 ||| DROPPING scroll of butterflies.
   759 | D:1      | 759 ||| DROPPING potion of degeneration.
   953 | D:2      | Reached XP level 3. HP: 18/18 MP: 4/4
  1027 | D:2      | HP: 4/18 [quokka (5)]
  1028 | D:2      | Succumbed to an adder's poison

Levels and vault maps discovered:
D:1:      minmay_arrival_diagonal_passages, layout_rooms,
          chequers_decorated_corner, dreamdust_mushroom_princess,
          chequers_arboretum, chequers_avenue, minivault_27,
          chequers_serial_rivers_micro_d, minmay_misc_feat_tiny
D:2:      layout_basic

Skill      XL: |  1  2 |
---------------+-------+-----
Dodging        | 3 4 |  4.0
Fighting       | |  1.5
Ranged Weapons | |  4.5
Stealth        | |  1.5

Action                     || total
---------------------------++-------
   Fire: Shortbow          ||    60
    Use: Scroll            ||     3
 Armour: Robe              ||     7
  Dodge: Dodged            ||    21

Table legend:
 A = Non-vault XP
 B = Vault XP
 C = Vault XP percentage of total XP
 D = Non-vault monster count
 E = Vault monster count
 F = Vault count percentage of total count
                 A         B        C        D         E       F
            +---------+---------+-------+---------+---------+-------
      Total |      47 |       0 |   0.0 |      21 |       0 |   0.0
            +---------+---------+-------+---------+---------+-------
        D:1 |      15 |       0 |   0.0 |       8 |       0 |   0.0
        D:2 |      32 |       0 |   0.0 |      13 |       0 |   0.0
            +---------+---------+-------+---------+---------+-------
